 Dungeon Crawl Stone Soup version 0.21.1-1-g345015fe64 (webtiles) character file.

128 Fascinator the Skirmisher (level 4, 0/40 HPs)
             Began as a Mummy Chaos Knight on June 23, 2018.
             Slain by an ice beast (5 damage)
             ... on level 2 of the Dungeon.
             The game lasted 00:05:06 (1737 turns).

Fascinator the Skirmisher (Mummy Chaos Knight)      Turns: 1737, Time: 00:05:07

Health: 0/40       AC:  8    Str: 16    XL:     4   Next: 86%
Magic:  4/4        EV:  6    Int: 11    God:    Xom [..*...]
Gold:   147        SH:  0    Dex: 11    Spells: 3/3 levels left

rFire    x . .     SeeInvis .   a - +0 hand axe (chaos)
rCold    + . .     Gourm    .   (no shield)
rNeg     + + +     Faith    .   d - +0 chain mail (curse)
rPois    ∞         Spirit   .   (no helmet)
rElec    .         Reflect  .   (no cloak)
rCorr    .         Harm     .   (no gloves)
MR       .....                  (no boots)
Stlth    ..........             (no amulet)
HPRegen  0.13/turn              (no ring)
MPRegen  0.09/turn              (no ring)

@: no status effects
A: no food or potions, fire vulnerability, cold resistance 1, negative energy
resistance 3, torment resistance, unbreathing
a: Renounce Religion


You were on level 2 of the Dungeon.
You worshipped Xom.
You were a toy of Xom.
You were not hungry.

You visited 1 branch of the dungeon, and saw 3 of its levels.

You collected 147 gold pieces.

Inventory:

Hand Weapons
 a - a +0 hand axe of chaos (weapon)
Missiles
 i - 38 stones (quivered)
Armour
 b - a +2 leather armour
 d - a cursed +0 chain mail (worn)
 k - a +0 plate armour
Scrolls
 c - 3 scrolls of identify {unknown}
 e - 3 scrolls of enchant armour {unknown}
 f - a scroll of teleportation {unknown}
 g - a scroll of enchant weapon {unknown}
 h - a scroll of amnesia {unknown}
 j - a scroll of immolation {unknown}


   Skills:
 + Level 5.6 Fighting
 - Level 2.4 Axes
 - Level 1.5 Armour
 - Level 0.7 Dodging


You had 3 spell levels left.
You didn't know any spells.

Dungeon Overview and Level Annotations

Branches:
Dungeon (3/15)

Altars:
Hepliaklqana


Innate Abilities, Weirdness & Mutations

You do not eat or drink.
Your flesh is vulnerable to fire.
You are immune to poison.
Your flesh is cold resistant. (rC+)
You are immune to negative energy. (rN+++)
You are immune to unholy pain and torment.
You can survive without breathing.


Message History

You miss something. Something hits you but does no damage.
You closely miss something.
Something hits you but does no damage. x2
You closely miss something. Something hits you but does no damage.
You closely miss something. Something hits you. Something freezes you.
You resist.
* * * LOW HITPOINT WARNING * * *
You hit something but do no damage. Something hits you but does no damage.
You closely miss something. Something hits you but does no damage.
You miss something. Something hits you but does no damage.
Your chain mail prevents you from hitting something.
Something hits you but does no damage. x2
You hit something but do no damage. Something hits you.
* * * LOW HITPOINT WARNING * * *
Something freezes you. You resist.
* * * LOW HITPOINT WARNING * * *
You hit something but do no damage. Something hits you.
* * * LOW HITPOINT WARNING * * *
Something freezes you. You resist.
You die... "I guess I need a new plaything now."

#..........
##########.######### #######
##............# #.... #.....#
#.............# #.### #.....#
#........!....# #.# # #.....#
#.............# #.### #.....#
##............# #.#..
#.....####.........[..###.#.#
#...........@................
#.....####...{........###.#.#
###.### #............# #.#.#
###.## #............###.#.#
#....# #.............)..#.#
#....# #............#####.#
#....# ###.................
#....# #.############.#.#
#....# #.##.......# #.#.#


There were no monsters in sight!

Vanquished Creatures
  The ghost of OlSheep the Digger, an amateur GrEE (D:3)
  An adder (D:2)
  An ooze (D:1)
  2 worms
  A dart slug (D:1)
  4 leopard geckos
  4 bats
  A giant cockroach (D:1)
  5 goblins (D:1)
  4 hobgoblins
  4 jackals (D:1)
  2 frilled lizards (D:1)
  2 kobolds (D:1)
  9 rats
41 creatures vanquished.

Notes
Turn   | Place    | Note
-------+----------+-------------------------------------------
     0 | D:1      | Fascinator the Mummy Chaos Knight began the quest for the Orb.
     0 | D:1      | Reached XP level 1. HP: 18/18 MP: 1/1
   119 | D:1      | Reached XP level 2. HP: 20/24 MP: 2/2
   237 | D:1      | Reached skill level 4 in Fighting
   325 | D:1      | Reached XP level 3. HP: 22/30 MP: 3/3
   818 | D:2      | XOM: smoke on damage
   904 | D:2      | XOM: divination: detect items
  1090 | D:2      | Found a hazy altar of Hepliaklqana.
  1558 | D:3      | Noticed OlSheep's ghost (amateur GrEE)
  1570 | D:3      | Killed OlSheep's ghost
  1570 | D:3      | Reached skill level 5 in Fighting
  1570 | D:3      | Reached XP level 4. HP: 17/40 MP: 4/4
  1616 | D:3      | XOM: harmless Erth miscast
  1712 | D:3      | Noticed an ice beast
  1737 | D:2      | Slain by an ice beast

Skill      XL: |  1  2  3 |
---------------+----------+-----
Fighting       | 4 5 |  5.6
Axes           | |  2.4
Armour         | |  1.5
Dodging        | |  0.7

Action                   |  1- 3 |  4- 6 || total
-------------------------+-------+-------++-------
Melee: Hand axe          |   135 |    17 ||   152
 Stab: Confused          |     2 |       ||     2
       Distracted        |     1 |       ||     1
       Petrifying        |     1 |       ||     1
Armor: Leather armour    |     9 |       ||     9
       Chain mail        |    58 |    14 ||    72
Dodge: Dodged            |    37 |     1 ||    38
